 Dungeon Crawl Stone Soup version 0.20-a0-787-g4ba4951 (webtiles) character file.

210 Fhqwhgads the Skirmisher (level 5, 0/34 HPs)
             Began as a Gargoyle Fighter on Feb 27, 2017.
             Killed by nerve-wracking pain
             ... invoked by an orc priest
              (1 damage)
             ... on level 3 of the Dungeon.
             The game lasted 00:03:23 (1422 turns).

Fhqwhgads the Skirmisher (Gargoyle Fighter)         Turns: 1422, Time: 00:03:23

Health: 0/34       AC: 16    Str: 21    XL:     5   Next: 87%
Magic:  5/5        EV:  3    Int:  8    God:
Gold:   120        SH:  9    Dex:  9    Spells: 4/4 levels left

rFire    . . .     SeeInvis .   a - +0 long sword
rCold    . . .     Gourm    .   k - +0 plate armour
rNeg     + . .     Faith    .   c - +0 shield
rPois    ∞         Spirit   .   (no helmet)
rElec    +         Reflect  .   e - +0 cloak
rCorr    .         Harm     .   (no gloves)
MR       .....                  (no boots)
Stlth    ..........             (no amulet)
Regen    0.2/turn               (no ring)
MPRegen  0.1/turn               (no ring)

@: no status effects
A: negative energy resistance 1, electricity resistance, unbreathing,
petrification resistance, rot immunity, AC +4
a: no special abilities


You were on level 3 of the Dungeon.
You were not hungry.

You visited 1 branch of the dungeon, and saw 3 of its levels.

You collected 120 gold pieces.

Inventory:

Hand Weapons
 a - a +0 long sword (weapon)
Armour
 b - a +0 scale mail
 c - a +0 shield (worn)
 e - a +0 cloak (worn)
 k - a +0 plate armour (worn)
Jewellery
 l - a cursed -2 ring of protection {unknown}
Scrolls
 i - a scroll of blinking {unknown}
 m - 2 scrolls of amnesia {unknown}
 o - a scroll of enchant armour {unknown}
 q - a scroll of teleportation {unknown}
 r - a scroll of fog {unknown}
 s - a scroll of identify {unknown}
 t - 4 scrolls of remove curse {unknown}
Potions
 d - a potion of might
 j - 2 potions of haste {unknown}
Books
 p - a book of Callings

   Spells                             Type                      Level
   a - Summon Small Mammal            Summoning                    1
   b - Call Imp                       Summoning                    2
   c - Call Canine Familiar           Summoning                    3
   d - Summon Guardian Golem          Hexes/Summoning              3
   e - Summon Lightning Spire         Summoning/Air                4
   f - Summon Ice Beast               Ice/Summoning                4
Comestibles
 f - 3 bread rations
 g - 2 royal jellies
 h - a chunk of flesh
 n - 2 meat rations


   Skills:
 + Level 4.8 Fighting
 * Level 4.4 Long Blades
 - Level 3.2 Armour
 - Level 3.2 Shields


You had 4 spell levels left.
You didn't know any spells.

Dungeon Overview and Level Annotations

Branches:
Dungeon (3/15)

Altars:
Dithmenos
Okawaru
Xom

Annotations:
D:3 anastasiavixle's ghost, novice TeBe


Innate Abilities, Weirdness & Mutations

You are resistant to torment.
Your stone body is resilient. (AC +4)
You are immune to poison.
You resist negative energy. (rN+)
You are resistant to electric shocks. (rElec)
You can survive without breathing.
You are immune to petrification.
You are immune to rotting.


Message History

You are too injured to fight recklessly!
You are too injured to fight recklessly!
You are too injured to fight recklessly!
You are too injured to fight recklessly!
Unknown command.
You slash the orc!
You kill the orc!
You slash the orc priest!
The orc priest is heavily wounded.
The orc priest hits you but does no damage.
You hit the orc priest but do no damage.
The orc priest is heavily wounded.
The orc priest mumbles some strange prayers to Beogh against you.
Beogh smites you!
* * * LOW HITPOINT WARNING * * *
You barely miss the orc priest.
The orc priest is heavily wounded.
The orc priest invokes the aid of Beogh against you.
Pain shoots through your body!
You die...

#.....###.####
#####.# #.#
#.###.#
#.....# ##
####### #.
###. #...
########
#####.##
#.oo@).#
#.....#
#.####.#
#.##### #.#
#.# #.# ###.#
#.# #...#
#.#####.###
#(......#
#########


You could see 2 orc priests.

Vanquished Creatures
  A hound (D:3)
  2 orc wizards (D:3)
  Terence (D:3)
  3 adders
  An ooze (D:2)
  2 worms (D:2)
  2 dart slugs (D:1)
  2 leopard geckos
  4 orcs (D:3)
  2 bats (D:2)
  A giant cockroach (D:2)
  6 goblins
  6 hobgoblins
  5 jackals
  A quokka (D:2)
  A ball python (D:2)
  5 frilled lizards
  8 kobolds
  4 rats
57 creatures vanquished.

Vanquished Creatures (others)
  An orc (D:3)
1 creature vanquished.

Grand Total: 58 creatures vanquished

Notes
Turn   | Place    | Note
-------+----------+-------------------------------------------
     0 | D:1      | Fhqwhgads the Gargoyle Fighter began the quest for the Orb.
     0 | D:1      | Reached XP level 1. HP: 14/14 MP: 1/1
   140 | D:1      | Reached XP level 2. HP: 17/19 MP: 2/2
   257 | D:1      | Found a shimmering altar of Xom.
   421 | D:2      | Reached XP level 3. HP: 22/24 MP: 3/3
   447 | D:2      | Found a shadowy altar of Dithmenos.
   701 | D:2      | Found an iron altar of Okawaru.
   744 | D:2      | Reached XP level 4. HP: 23/29 MP: 4/4
   968 | D:3      | Noticed Terence
   987 | D:3      | Killed Terence
   987 | D:3      | Reached XP level 5. HP: 18/34 MP: 5/5
  1235 | D:3      | Noticed anastasiavixle's ghost (novice TeBe)
  1421 | D:3      | HP: 1/34 [orc priest/divine providence (12)]
  1422 | D:3      | Killed from afar by an orc priest

Vault maps used:
D:1:      noname_arrival_rooms_in_the_neighbourhood, xom_teletrap_fun
D:2:      overflow_temple_1_default, nrook_mini_vaults, grunt_dithmenos_smoke
D:3:      nicolae_overflow_hidden_temple, chequers_ecumenical_altar_simple,
          first_bread, uniq_terence

Skill      XL: |  1  2  3  4 |
---------------+-------------+-----
Long Blades    | 2 3 4 |  4.4
Fighting       | 4 |  4.8
Armour         | |  3.2
Shields        | |  3.2

Action                   |  1- 3 |  4- 6 || total
-------------------------+-------+-------++-------
Melee: Long sword        |   148 |   104 ||   252
  Eat: Chunk             |       |     2 ||     2
Armor: Scale mail        |    13 |       ||    13
       Plate armour      |    75 |   107 ||   182
Dodge: Dodged            |    25 |    24 ||    49
Block: Shield            |    73 |    66 ||   139
       Rpst.: Long sword |     9 |    10 ||    19
